 Dungeon Crawl Stone Soup version 0.30.0-5-g1a98f26d00 (webtiles) character file.

Game seed: 11455664436212411996

2093 NateTC the Basher (level 9, -3/60 HPs)
             Began as a Gargoyle Fighter on May 13, 2023.
             Was the Champion of Jiyva.
             Engulfed by a steam dragon's steam (6 damage)
             ... on level 8 of the Dungeon.
             The game lasted 00:08:34 (5363 turns).

NateTC the Basher (Gargoyle Fighter)                Turns: 5363, Time: 00:08:34

Health: -3/60      AC: 14    Str: 23    XL:     9   Next: 27%
Magic:  9/9        EV:  8    Int: 13    God:    Jiyva [******]
Gold:   96         SH:  4    Dex:  8    Spells: 8/8 levels left

rFire   . . .        r - +0 morningstar
rCold   . . .        c - +0 buckler
rNeg    + . .        o - +1 chain mail
rPois   ∞            s - +2 hat
rElec   +            (no cloak)
rCorr   +            (no gloves)
SInv    .            (no boots)
Will    ++++.        (no amulet) Stlth
                     k - ring of willpower
HPRegen 1.90/turn    (no ring)
MPRegen 0.61/turn

%: resist mutation
@: no status effects
A: sickness immunity, AC +6, negative energy resistance 1, electricity
resistance, torment resistance 1, petrification resistance, hooves 1, camouflage
1, clever 1, strong-willed 3, mutation resistance 3, pseudopods 1
a: Renounce Religion, Oozemancy, Slimify


You were on level 8 of the Dungeon.
You worshipped Jiyva.
Jiyva was exalted by your worship.
You visited 1 branch of the dungeon, and saw 8 of its levels.

You collected 96 gold pieces.

Inventory:

Hand Weapons
 a - a +1 flail
 p - a +0 great mace
 r - a +0 morningstar (weapon)
Armour
 c - a +0 buckler (worn)
 o - a +1 chain mail (worn)
 s - a +2 hat (worn)
Jewellery
 k - a ring of willpower (left hand)
 m - a ring of ice
Wands
 q - a wand of flame (17)
 u - a wand of digging (1)
Scrolls
 h - a scroll of noise
 n - 2 scrolls of teleportation
 t - a scroll of enchant armour
Potions
 d - a potion of might
 e - a potion of brilliance
 f - 3 potions of invisibility
 g - a potion of haste
 i - a potion of mutation
 j - a potion of attraction
 l - a potion of curing


   Skills:
 - Level 9.0 Fighting
 * Level 9.4 Maces & Flails
 - Level 3.2 Armour
 - Level 3.2 Shields


You had 8 spell levels left.
You didn't know any spells.
Your spell library contained the following spells:

 Spells                   Type           Power      Damage    Failure   Level
 Lesser Beckoning         Tloc           0%         N/A       98%         2
 Gell's Gravitas          Tloc           0%         N/A       100%        3
 Teleport Other           Tloc           0%         N/A       100%        3
 Animate Dead             Necr           0%         N/A       100%        4
 Borgnjor's Vile Clutch   Necr/Erth      0%         N/A       100%        5
 Death Channel            Necr           0%         N/A       100%        6


Dungeon Overview and Level Annotations

Branches:
Dungeon (8/15) Zot: 26852  Temple (0/1) D:6
   Lair: D:8-11

Altars:
Ashenzari
Ru
Xom
The Shining One
Jiyva

Shops:
D:5 :=!   D:8 *

Annotations:
D:4 1 runed translucent door, Rexy's ghost, novice GrFi


Innate Abilities, Weirdness & Mutations

You are immune to sickness and miasma.
Your stone body is resilient. (AC +6)
You are immune to poison.
You resist negative energy. (rN+)
You are resistant to electric shocks. (rElec)
You are resistant to unholy torment.
You are immune to petrification.
You have large cloven feet.
Your skin changes colour to match your surroundings (Stealth+).
Your mind is acute. (Int +4, Str/Dex -1)
You are extremely strong-willed. (Will+++)
You are almost entirely resistant to further mutation and mutation removal.
Armour fits poorly on your pseudopods.


Message History

You are too injured to fight recklessly!
You are too injured to fight recklessly!
You are too injured to fight recklessly!
You are too injured to fight recklessly!
You are too injured to fight recklessly!
You are too injured to fight recklessly!
You are too injured to fight recklessly!
You are too injured to fight recklessly!
You are too injured to fight recklessly!
You are too injured to fight recklessly!
You are too injured to fight recklessly!
You are too injured to fight recklessly!
You are too injured to fight recklessly!
You are too injured to fight recklessly!
You are too injured to fight recklessly!
You are too injured to fight recklessly!
You are too injured to fight recklessly!
You are too injured to fight recklessly!
You are too injured to fight recklessly!
You are too injured to fight recklessly!
You are too injured to fight recklessly!
You are too injured to fight recklessly!
You are too injured to fight recklessly!
You closely miss the steam dragon. Your kick misses the steam dragon.
The steam dragon is heavily wounded.
You are engulfed in a cloud of scalding steam.
You block the steam dragon's attack. The steam dragon claws you.
You hit the steam dragon but do no damage.
Your kick misses the steam dragon.
The steam dragon is heavily wounded.
You are engulfed in a cloud of scalding steam.
The steam dragon breathes steam at you. The ball of steam hits you!!
* * * LOW HITPOINT WARNING * * *
You shudder from the blast and a jelly pops out!
You sock the steam dragon!
You kick the steam dragon, but do no damage.
The steam dragon is almost dead.
You are engulfed in a cloud of scalding steam.
You die...

... ##.# ...∩ ... ..#
. #h# .. #D# <# #@##
.# ##J##.# .. #.J.#
... ######...# #.#
###........## ##..
.o###...........###.#
oo#.......#####.....#
o###.....# #.....##
###...## ##......#


You could see a steam dragon (ally target), a black bear, a friendly rockslime
(summoned) and a friendly quicksilver ooze (summoned).

Vanquished Creatures
  A water moccasin (D:8)
  A black bear (D:4)
  An ice beast (D:6)
  2 centaurs
  2 phantoms (D:4)
  A kobold brigand (D:7)
  A bullfrog (D:7)
  A gnoll sergeant (D:7)
  A scorpion (D:6)
  11 wights
  5 killer bees (D:8)
  4 hounds
  An orc priest (D:7)
  2 sleepcaps
  2 iguanas (D:7)
  4 orc wizards
  7 gnolls
  4 adders
  A white imp (D:7)
  2 ufetubi
  2 worms
  A dart slug (D:1)
  15 orcs
  4 bats
  2 endoplasms (D:1)
  2 giant cockroaches
  5 hobgoblins
  2 jackals (D:2)
  6 kobolds
  3 quokkas
  7 ball pythons
  5 frilled lizards
  8 goblins
  4 rats (D:2)
120 creatures vanquished.

Vanquished Creatures (others)
  A scorpion (D:5)
  4 wights
  A howler monkey (D:5)
  A hound (D:6)
  14 jellies
  An iguana (D:5)
  A gnoll (D:3)
  5 adders
  A worm (D:2)
  2 dart slugs
  3 orcs (D:4)
  3 ball pythons
  An endoplasm (D:4)
  3 goblins
  A hobgoblin (D:2)
  A quokka (D:3)
  A bat (D:1)
  A frilled lizard (D:3)
  A kobold (D:2)
  3 rats
49 creatures vanquished.

Grand Total: 169 creatures vanquished

Notes
Turn   | Place    | Note
-------+----------+-------------------------------------------
     0 | D:1      | NateTC the Gargoyle Fighter began the quest for the Orb.
     0 | D:1      | Reached XP level 1. HP: 14/14 MP: 1/1
   123 | D:1      | Reached XP level 2. HP: 19/20 MP: 2/2
   129 | D:1      | Found a faded altar of an unknown god.
   207 | D:1      | Prayed at the altar of an unknown god.
   207 | D:1      | Became a worshipper of Jiyva Jumaepni the Shapeless
   207 | D:1      | Reached * piety under Jiyva
   396 | D:1      | Reached ** piety under Jiyva
   835 | D:2      | Reached XP level 3. HP: 24/24 MP: 3/3
  1115 | D:2      | Reached *** piety under Jiyva
  1115 | D:2      | Gained mutation: You are strong-willed. (Will+) [Jiyva's
                  | grace]
  1115 | D:2      | Gained mutation: You are highly strong-willed. (Will++)
                  | [Jiyva's grace]
  1115 | D:2      | Gained mutation: You are extremely strong-willed. (Will+++)
                  | [Jiyva's grace]
  1115 | D:2      | Gained mutation: Your skin changes colour to match your
                  | surroundings (Stealth+). [Jiyva's grace]
  1264 | D:2      | Reached skill level 5 in Fighting
  1495 | D:3      | Reached XP level 4. HP: 31/31 MP: 4/4
  1979 | D:4      | Reached XP level 5. HP: 24/36 MP: 5/5
  2027 | D:4      | Reached **** piety under Jiyva
  2077 | D:4      | Noticed a black bear
  2086 | D:4      | Killed a black bear
  2087 | D:4      | Reached XP level 6. HP: 28/44 MP: 6/6
  2162 | D:4      | Noticed Rexy's ghost (novice GrFi)
  2173 | D:4      | Found a runed translucent door.
  2624 | D:5      | Entered Level 5 of the Dungeon
  2624 | D:5      | Found Odwemouc's Distillery.
  2624 | D:5      | Found Kethruzosh's Jewellery Emporium.
  2624 | D:5      | Found Uvose's Book Emporium.
  2740 | D:5      | Reached XP level 7. HP: 50/50 MP: 7/7
  2893 | D:5      | Gained mutation: You have large cloven feet. [Jiyva's
                  | grace]
  2893 | D:5      | Gained mutation: You have hoof-like feet. [Jiyva's grace]
  2893 | D:5      | Gained mutation: You have hooves in place of feet. [Jiyva's
                  | grace]
  2893 | D:5      | Gained mutation: Your mind is acute. (Int +4, Str/Dex -1)
                  | [Jiyva's grace]
  2903 | D:5      | Reached ***** piety under Jiyva
  2903 | D:5      | Found a shimmering altar of Xom.
  3869 | D:6      | Reached XP level 8. HP: 16/56 MP: 8/8
  3897 | D:6      | Reached skill level 5 in Maces & Flails
  3914 | D:6      | Found a staircase to the Ecumenical Temple.
  4200 | D:6      | Found a glowing golden altar of the Shining One.
  4705 | D:7      | Found a sacrificial altar of Ru.
  4718 | D:7      | Lost mutation: You have hooves in place of feet. [Jiyva's
                  | grace]
  4718 | D:7      | Lost mutation: You have hoof-like feet. [Jiyva's grace]
  4718 | D:7      | Gained mutation: You are somewhat resistant to further
                  | mutation. [Jiyva's grace]
  4718 | D:7      | Gained mutation: You are somewhat resistant to both further
                  | mutation and mutation removal. [Jiyva's grace]
  4718 | D:7      | Gained mutation: You are almost entirely resistant to
                  | further mutation and mutation removal. [Jiyva's grace]
  4718 | D:7      | Gained mutation: Armour fits poorly on your pseudopods.
                  | [Jiyva's grace]
  4965 | D:7      | Reached XP level 9. HP: 51/60 MP: 9/9
  5265 | D:8      | Reached ****** piety under Jiyva
  5314 | D:8      | Found a broken altar of Ashenzari.
  5322 | D:8      | Found Yjymic's General Store.
  5362 | D:8      | HP: 3/60 [steam dragon/ball of steam (22)]
  5363 | D:8      | Engulfed by a steam dragon's steam

Illustrated notes

Levels and vault maps discovered:
D:1:      dpeg_arrival_arbitrary_c, layout_loops_corners,
          ebering_ecumenical_altar_sacrificial
D:2:      layout_rooms, serial_co_window_serial, co_window_cross_1,
          co_window_corner_a, co_window_paths_a, co_window_corner_a,
          co_window_corner_a, co_window_corner_ca, co_window_broadway_c,
          co_window_corner_cb, co_window_4corner_a, glass_columns_a,
          kennysheep_generic_room_15
D:3:      layout_rooms
D:4:      layout_basic, hellmonk_ghost_happy_afterlife,
          chequers_serial_rivers_micro_c
D:5:      layout_rooms, tgw_xom, nicolae_shop_distant_corner_stores
D:6:      layout_layer_cave, tso_altar, minmay_temple_entry_trees
D:7:      layout_loops_ring, mainiacjoe_overflow_chevrons
D:8:      layout_layer_cave, nicolae_ashenzari_panopticon, serial_shops, shop,
          serial_co_window_serial, co_window_paths_a, co_window_paths_b,
          co_window_paths_a, co_window_corner_a, co_window_paths_b,
          co_window_paths_c, co_window_2corner, co_window_corner_b,
          co_window_of_opportunity_b, co_window_broadway_c,
          minmay_fractal_squares_diagonal_5

Skill      XL: |  1  2  3  4  5  6  7  8  9 |
---------------+----------------------------+-----
Fighting       | 4 5 6 7 8 9 |  9.0
Maces & Flails | 4 8 9 |  9.4
Armour         | |  3.2
Shields        | |  3.2

Action                     |  1- 3 |  4- 6 |  7- 9 || total
---------------------------+-------+-------+-------++-------
  Melee: Flail             |   134 |   123 |    60 ||   317
         Kick              |       |       |    44 ||    44
         Morningstar       |       |       |   132 ||   132
         Pseudopods        |       |       |     4 ||     4
    Use: Scroll            |     1 |     7 |     8 ||    16
 Armour: Scale mail        |   102 |    87 |       ||   189
         Chain mail        |       |       |   141 ||   141
  Dodge: Dodged            |   100 |    96 |    72 ||   268
  Block: Buckler           |    26 |    43 |    44 ||   113
